cohdb
Replays
Latest Replays
All Replays
Popular Replays
Top Player Replays
Match Explorer
How It Works
Community
CoH3 Stats
Reddit
Sign in to upload your games and track your stats! →
Sign in with Steam
Match 43874576
Unlisted
Match 43874576
Overview
Messages
Build Orders
End
Royal Engineer Section
Construct Section Command Post
Selects Indian Artillery Battlegroup
Infantry Section
Dingo Light Scout Car
Infantry Section
Construct Platoon Command Post
Humber Armored Car
Selects War Cry
Selects Gurkha Rifles Section
Gurkha Rifles Section
Infantry Training
CMP 15cwt Truck
Unlock Bishop Self-propelled Artillery
Bishop Self-propelled Artillery
Selects Artillery Saturation
Bishop Self-propelled Artillery
Light Vehicle Training
Grenade Package
Selects Off-map Airburst Barrage
6-pounder Anti-tank Gun Team
₵ⱤɄ₵ł₳Ⱡ ĐɆⱠɄӾɆ
The Morris
Serial Chiller
guyliath
foe
Gustapo
Zäbban
Mrfernzz
0
0
Comments
sign in to comment!
No comments posted yet!